 Dungeon Crawl Stone Soup version 0.19.1 (webtiles) character file.

6207 Kenran the Cleaver (level 11, -10/86 HPs)
             Began as a Formicid Fighter on Dec 14, 2016.
             Was a Believer of Okawaru.
             Mangled by a komodo dragon (17 damage)
             ... on level 9 of the Dungeon.
             The game lasted 00:22:35 (12158 turns).

Kenran the Cleaver (Formicid Fighter)              Turns: 12158, Time: 00:22:36

Health: -10/86     AC: 15    Str: 22    XL:     11   Next: 14%
Magic:  11/11      EV:  5    Int:  9    God:    Okawaru [**....]
Gold:   475        SH:  9    Dex: 11    Spells: 0 memorised, 10 levels left

rFire  . . .     SeeInvis +     a - +1 war axe
rCold  . . .     Gourm    .     C - +0 plate armour
rNeg   + . .     Faith    .     c - +0 shield
rPois  .         Spirit   .     (helmet unavailable)
rElec  .         Reflect  .     (no cloak)
rCorr  .         Harm     .     (no gloves)
MR     +....     Clarity  +     o - +0 pair of boots
Stlth  ..........               (no amulet)
                                u - ring of stealth
                                h - ring of positive energy

@: no status effects
A: permanent stasis, dig shafts and tunnels, four strong arms, antennae 3,
clarity
a: Dig, Shaft Self, Heroism, Renounce Religion


You were on level 9 of the Dungeon.
You worshipped Okawaru.
Okawaru was pleased with you.
You were not hungry.

You visited 3 branches of the dungeon, and saw 11 of its levels.
You also visited: Ossuary.

You collected 475 gold pieces.

Inventory:

Hand Weapons
 a - a +1 war axe (weapon)
 m - a +0 whip of flaming
Missiles
 e - 184 stones (quivered)
Armour
 c - a +0 shield (worn)
 o - a +0 pair of boots (worn)
 C - a +0 plate armour (worn)
Jewellery
 h - a ring of positive energy (left hand)
 u - a ring of stealth (right hand)
Wands
 b - a wand of polymorph (13/24)
 k - a wand of digging (3/24)
 p - a wand of iceblast (11/15)
 v - a wand of flame (36/48)
 w - a wand of flame (25/48)
Scrolls
 j - 3 scrolls of enchant weapon
 l - 3 scrolls of recharging
 s - 2 scrolls of magic mapping
 y - 5 scrolls of remove curse {@r2}
Potions
 d - 2 potions of might {@q4}
 g - 3 potions of magic
 i - 2 potions of heal wounds {@q2}
 q - 5 potions of lignification {!q}
 r - 4 potions of curing {@q1}
 x - a potion of cure mutation
 z - 3 potions of flight
 D - a potion of brilliance
 E - a potion of resistance
 F - a potion of agility {unknown}
 I - a potion of invisibility
Books
 K - a book of Geomancy

   Spells                             Type                      Level
   a - Sandblast                      Earth                        1
   b - Passwall                       Transmutation/Earth          2
   c - Stone Arrow                    Conjuration/Earth            3
   d - Petrify                        Transmutation/Earth          4
   e - Lee's Rapid Deconstruction     Earth                        5
Miscellaneous
 M - a lamp of fire
Comestibles
 f - 7 bread rations {@e1}
 t - a meat ration {@e1}
 G - a slice of pizza {@e2}
 H - 5 fruits {@e3}


   Skills:
 - Level 8.1 Fighting
 + Level 12.8 Axes
 - Level 8.2 Armour
 - Level 3.6 Shields


You had 10 spell levels left.
You didn't know any spells.

Dungeon Overview and Level Annotations

Branches:
Dungeon (9/15)             Temple (1/1) D:5            Lair (1/6) D:9
    Orc: D:9-12

Altars:
Ashenzari
Cheibriados
Dithmenos
Elyvilon
Fedhas
Gozag
Hepliaklqana
Kikubaaqudgha
Makhleb
Nemelex Xobeh
Okawaru
Qazlal
Ru
Sif Muna
Trog
Uskayaw
Vehumet
Xom
Yredelemnul
Zin
The Shining One


Innate Abilities, Weirdness & Mutations

You are under a permanent stasis effect.
You can dig through walls and to a lower floor.
Your four strong arms can wield two-handed weapons with a shield.
You have a pair of large antennae on your head. (SInv)
You possess an exceptional clarity of mind.


Message History

You hit the komodo dragon.
The komodo dragon is heavily wounded.
The komodo dragon hisses menacingly.
The komodo dragon bites you!!
* * * LOW HITPOINT WARNING * * *
Okay, then.
Okay, then.
Okay, then.
Okay, then.
You feel much better. You block the komodo dragon's attack.
There is a staircase back to the Dungeon here.
The komodo dragon bites you!!
* * * LOW HITPOINT WARNING * * *
You climb upwards.
Welcome back to the Dungeon!
There is a staircase to the Lair here.
You extend your mandibles.
You dig through the rock wall.
You dig through the rock wall.
You dig through the rock wall.
The komodo dragon bites you!
You die...

#..####.# #.# #.......#
#.# ##.###### #.#
#.##################.#
#.##.................##
#....##################
##.### # #..#### ####
##>##@# #... ##.l##
#.## #### #.## #...
#..# ###..# #.....
#.##.# #.##.#


You could see a komodo dragon.

Vanquished Creatures
  Pikel (D:5)
  A centaur zombie (D:8)
  The ghost of monokles the Ruffian, a novice TrSu of Yredelemnul (D:5)
  2 hippogriffs
  The ghost of TheForgottenOwl the Slasher, an amateur MiFi (Ossuary)
  A steam dragon (D:7)
  A water moccasin (D:9)
  2 black bears
  3 orc warriors
  4 ice beasts
  2 sky beasts
  2 slaves (D:5)
  A necrophage (D:6)
  3 ogres
  3 phantoms
  4 centaurs
  2 big kobolds
  5 bullfrogs
  4 scorpions
  3 wights (D:9)
  2 crimson imps
  A bullfrog zombie (D:5)
  9 hounds
  3 jellies
  4 orc wizards
  A bullfrog skeleton (D:4)
  5 orc priests
  A gnoll shaman (D:7)
  A centaur skeleton (D:9)
  An iguana (D:9)
  Ijyb (D:3)
  8 worker ants
  A killer bee zombie (D:8)
  2 hound zombies (D:9)
  4 hound skeletons
  13 mummies (Ossuary)
  2 worker ant zombies
  4 gnolls
  2 howler monkey skeletons (D:5)
  11 adders
  2 shadow imps
  An ooze (D:2)
  2 adder zombies
  4 worms
  2 dart slugs
  4 leopard geckos
  28 orcs
  3 ball pythons
  4 bats (D:3)
  6 giant cockroaches
  8 goblins
  9 hobgoblins
  15 jackals
  5 quokkas
  4 frilled lizards
  2 gnoll skeletons (Ossuary)
  17 kobolds
  2 kobold skeletons (Ossuary)
  4 orc skeletons (Ossuary)
  A quokka skeleton (D:6)
  13 rats
  11 rat skeletons (Ossuary)
269 creatures vanquished.

Vanquished Creatures (others)
  A slave (D:5)
  A centaur zombie (D:5)
  A crimson imp (D:5)
  A hound skeleton (D:5)
4 creatures vanquished.

Grand Total: 273 creatures vanquished

Notes
Turn   | Place    | Note
-------+----------+-------------------------------------------
     0 | D:1      | Kenran the Formicid Fighter began the quest for the Orb.
     0 | D:1      | Reached XP level 1. HP: 18/18 MP: 1/1
   201 | D:1      | Reached XP level 2. HP: 19/24 MP: 2/2
   624 | D:1      | Reached skill level 3 in Axes
   945 | D:2      | Reached XP level 3. HP: 22/29 MP: 3/3
  1117 | D:2      | Found an opulent altar of Gozag.
  1623 | D:2      | Reached skill level 4 in Axes
  1623 | D:2      | Reached XP level 4. HP: 33/35 MP: 4/4
  1956 | D:3      | Noticed Ijyb
  1967 | D:3      | Killed Ijyb
  2281 | D:3      | Reached XP level 5. HP: 35/41 MP: 5/5
  2403 | D:3      | Reached skill level 5 in Axes
  2903 | D:4      | Found a snail-covered altar of Cheibriados.
  2967 | D:4      | Reached XP level 6. HP: 47/47 MP: 6/6
  2997 | D:4      | Reached skill level 6 in Axes
  3713 | D:5      | Entered Level 5 of the Dungeon
  3718 | D:5      | Reached skill level 7 in Axes
  3718 | D:5      | Reached XP level 7. HP: 35/52 MP: 7/7
  4090 | D:5      | Found a burning altar of Makhleb.
  4090 | D:5      | Found a basalt altar of Yredelemnul.
  4150 | D:5      | Noticed monokles's ghost (novice TrSu)
  4228 | D:4      | Reached skill level 8 in Axes
  4772 | D:5      | Found a sparkling altar of Nemelex Xobeh.
  4773 | D:5      | Found a blossoming altar of Fedhas.
  5157 | D:5      | Reached XP level 8. HP: 45/58 MP: 8/8
  5227 | D:5      | Noticed Pikel
  5332 | D:5      | Killed Pikel
  5332 | D:5      | Reached skill level 10 in Axes
  5629 | D:5      | Reached XP level 9. HP: 64/64 MP: 9/9
  5647 | D:5      | Found a staircase to the Ecumenical Temple.
  5667 | Temple   | Entered the Ecumenical Temple
  6085 | D:5      | Reached skill level 11 in Axes
  6145 | D:5      | Found a shadowy altar of Dithmenos.
  6239 | D:5      | Killed monokles's ghost
  6239 | D:5      | Reached skill level 5 in Fighting
  6587 | D:5      | Found a deep blue altar of Sif Muna.
  6753 | D:6      | Found an opulent altar of Gozag.
  6811 | D:6      | Found a glowing silver altar of Zin.
  7532 | D:6      | Noticed a moth of wrath
  7549 | D:6      | Found a bloodstained altar of Trog.
  7755 | D:6      | Found a shattered altar of Ashenzari.
  7975 | D:6      | Reached skill level 12 in Axes
  7975 | D:6      | Reached XP level 10. HP: 68/76 MP: 10/10
  8318 | D:7      | Found a sand-covered staircase.
  8331 | Ossuary  | Entered an ossuary
  8349 | Ossuary  | Noticed TheForgottenOwl's ghost (amateur MiFi)
  8362 | Ossuary  | Killed TheForgottenOwl's ghost
  9348 | D:7      | Found an iron altar of Okawaru.
  9389 | D:7      | Became a worshipper of Warmaster Okawaru
  9483 | D:7      | Gained mutation: You possess an exceptional clarity of mind. [potion of beneficial mutation]
  9553 | D:8      | Reached skill level 5 in Armour
 10898 | D:8      | Reached * piety under Okawaru
 11183 | D:9      | Reached XP level 11. HP: 55/86 MP: 11/11
 11265 | D:9      | Found a shimmering altar of Xom.
 11273 | D:9      | Found a shadowy altar of Dithmenos.
 11348 | D:9      | Reached ** piety under Okawaru
 11955 | D:9      | Found a staircase to the Lair.
 12140 | Lair:1   | Entered Level 1 of the Lair of Beasts
 12158 | D:9      | Mangled by a komodo dragon

Skill      XL: |  1  2  3  4  5  6  7  8  9 10 |
---------------+-------------------------------+-----
Axes           | 3 4 5 7 8 10 12 | 12.8
Fighting       | 6 8 |  8.1
Armour         | 8 |  8.2
Shields        | |  3.6

Action                   |  1- 3 |  4- 6 |  7- 9 | 10-12 || total
-------------------------+-------+-------+-------+-------++-------
Melee: War axe           |    77 |   183 |   330 |   397 ||   987
 Abil: Dig               |       |       |     1 |     3 ||     4
Evoke: Wand              |       |       |     2 |       ||     2
  Use: Scroll            |     4 |     7 |     2 |    11 ||    24
       Potion            |       |       |     1 |     3 ||     4
  Eat: Chunk             |     2 |     7 |     8 |     8 ||    25
       Beef jerky        |       |       |     1 |     1 ||     2
       Meat ration       |       |       |     1 |     1 ||     2
Armor: Scale mail        |    34 |    67 |    89 |       ||   190
       Chain mail        |       |       |    31 |    81 ||   112
       Plate armour      |       |       |       |    70 ||    70
Dodge: Dodged            |    29 |    49 |    83 |    77 ||   238
Block: Shield            |    33 |    90 |   130 |   143 ||   396
